 Dungeon Crawl Stone Soup version 0.27-a0-96-gb51a1d6fd6 (webtiles) character file.

Game seed: 1877234421515280998

818539 timneilson the Invulnerable (level 27, -23/182 HPs)
             Began as a Gargoyle Fighter on Jan 20, 2021.
             Was the Champion of Okawaru.
             Killed from afar by a Brimstone Fiend (48 damage)
             ... with damnation
             ... created by the effects of Hell
             ... on level 2 of Gehenna.
             The game lasted 04:00:58 (78676 turns).

timneilson the Invulnerable (Gargoyle Fighter)     Turns: 78676, Time: 04:00:59

Health: -23/182    AC: 63    Str: 35    XL:     27
Magic:  37/37      EV: 11    Int: 16    God:    Okawaru [******]
Gold:   5994       SH: 38    Dex: 12    Spells: 26/26 levels left

rFire    + + +     SeeInvis +   m - +8 autumn katana {vorpal, Clar}
rCold    + + +     Faith    .   V - +4 tower shield of the Insatiable Stars {Int+4}
rNeg     + + +     Spirit   .   E - +9 gold dragon scales
rPois    ∞         Reflect  +   I - +0 mask of the Dragon {Will+ Slay+3 SInv}
rElec    +         Harm     .   s - scarf {rC+ rF+}
rCorr    .         Rampage  .   R - +2 pair of gloves {Dex+3}
Will     +++..     Clarity  +   H - +1 pair of boots {run}
Stlth    ..........             x - amulet "Ase Peta" {Reflect Int+3 SH+5}
HPRegen  0.40/turn              f - ring of Suspected Treachery {rElec rN+ Str+6 Int-4 Slay+6}
MPRegen  0.25/turn              q - ring of Gaqor {rPois rF+ rC+ rN+}

@: heroism, flying, quick
A: big wings, negative energy resistance 1, electricity resistance, unbreathing,
petrification resistance, miasma immunity, AC +20
}: 5/15 runes: serpentine, barnacled, silver, iron, bone
a: Stop Flying, Renounce Religion, Heroism, Finesse


You were on level 2 of Gehenna.
You worshipped Okawaru.
Okawaru was exalted by your worship.
You visited 15 branches of the dungeon, and saw 70 of its levels.
You also visited: Bailey.

You collected 9951 gold pieces.
You spent 3957 gold pieces at shops.

Inventory:

Hand Weapons
 j - a +2 double sword of flaming
 m - the +8 autumn katana (weapon) {vorpal, Clar}
   (You took it off a minotaur on level 2 of the Depths)

   It inflicts extra damage upon your enemies.
   It protects you against confusion.
Armour
 s - a scarf of resistance (worn)
 z - a +2 cloak
 E - +9 gold dragon scales (worn)
 H - a +1 pair of boots of running (worn)
 I - the +0 mask of the Dragon (worn) {Will+ Slay+3 SInv}
   (You found it on level 8 of the Dungeon)

   It affects your accuracy and damage with ranged weapons and melee attacks
   (+3).
   It affects your willpower, your defense against some magical effects.
   It lets you see invisible.
 R - a +2 pair of gloves of dexterity (worn)
 V - the +4 tower shield of the Insatiable Stars (worn) {Int+4}
   (You acquired it on level 4 of the Realm of Zot)

   It affects your intelligence (+4).
 X - a +1 cloak of preservation
Jewellery
 b - an uncursed ring of resist corrosion
 d - an uncursed amulet of regeneration
 f - the ring of Suspected Treachery (left hand) {rElec rN+ Str+6 Int-4 Slay+6}
   (You bought it in a shop on level 4 of the Dungeon)

   [ring of positive energy]

   It affects your strength (+6).
   It affects your intelligence (-4).
   It affects your accuracy and damage with ranged weapons and melee attacks
   (+6).
   It insulates you from electricity.
   It protects you from negative energy.
 p - an uncursed ring of positive energy
 q - the ring of Gaqor (right hand) {rPois rF+ rC+ rN+}
   (You found it in a bailey)

   [ring of protection from fire]

   It protects you from fire.
   It protects you from cold.
   It protects you from poison.
   It protects you from negative energy.
 x - the amulet "Ase Peta" (around neck) {Reflect Int+3 SH+5}
   (You found it on level 3 of the Realm of Zot)

   [amulet of reflection]

   It shields you and reflects attacks.
   It affects your intelligence (+3).
   It affects your SH (+5).
 O - the ring "Toihops" {rF+ Dex+3 Stlth+}
   (You took it off a deep elf annihilator on level 3 of the Elven Halls)

   [ring of stealth]

   It affects your dexterity (+3).
   It protects you from fire.
   It makes you more stealthy.
 T - an uncursed ring of willpower
Wands
 n - a wand of iceblast (14)
 A - a wand of flame (151)
 B - a wand of acid (17)
 D - a wand of digging (33)
Scrolls
 a - 3 scrolls of silence
 g - 2 scrolls of brand weapon
 h - 8 scrolls of fear
 l - 11 scrolls of identify
 r - 28 scrolls of teleportation
 t - 19 scrolls of fog
 y - 34 scrolls of remove curse
 F - 15 scrolls of enchant weapon
 K - 4 scrolls of blinking
Potions
 e - 9 potions of attraction
 i - 6 potions of mutation
 o - 11 potions of cancellation
 u - 22 potions of curing
 v - a potion of magic
 C - 6 potions of might
 J - 4 potions of berserk rage
 L - a potion of heal wounds
 Q - 9 potions of haste
 U - 4 potions of resistance
Miscellaneous
 k - a condenser vane
 w - a tin of tremorstones (2/2)
 N - a phantom mirror
 P - a phantom mirror
 S - a lightning rod (4/4)


   Skills:
 + Level 21.3(26.3) Fighting
 * Level 24.1(27) Long Blades
 O Level 27 Armour
 O Level 27 Shields
 + Level 20.5 Invocations
 + Level 17.8 Evocations


You had 26 spell levels left.
You didn't know any spells.
Your spell library contained the following spells:

 Spells                   Type           Power        Failure   Level
 Animate Skeleton         Necr           0%           71%         1
 Apportation              Tloc           0%           71%         1
 Beastly Appendage        Tmut           0%           71%         1
 Corona                   Hex            0%           71%         1
 Foxfire                  Conj/Fire      0%           71%         1
 Magic Dart               Conj           0%           71%         1
 Pain                     Necr           0%           71%         1
 Sandblast                Erth           0%           71%         1
 Sting                    Tmut/Pois      0%           71%         1
 Summon Small Mammal      Summ           0%           71%         1
 Blink                    Tloc           N/A          85%         2
 Call Imp                 Summ           0%           85%         2
 Ensorcelled Hibernation  Hex/Ice        0%           85%         2
 Passwall                 Tmut/Erth      0%           85%         2
 Poisonous Vapours        Pois/Air       0%           85%         2
 Slow                     Hex            0%           85%         2
 Swiftness                Air            0%           85%         2
 Call Canine Familiar     Summ           0%           97%         3
 Confusing Touch          Hex            0%           97%         3
 Conjure Flame            Conj/Fire      0%           97%         3
 Dazzling Flash           Conj/Hex       0%           97%         3
 Gell's Gravitas          Tloc           0%           97%         3
 Ignite Poison            Fire/Tmut/Pois 0%           97%         3
 Inner Flame              Hex/Fire       0%           97%         3
 Mephitic Cloud           Conj/Pois/Air  0%           97%         3
 Portal Projectile        Hex/Tloc       0%           97%         3
 Static Discharge         Conj/Air       0%           97%         3
 Stone Arrow              Conj/Erth      0%           97%         3
 Summon Guardian Golem    Hex/Summ       0%           97%         3
 Tukima's Dance           Hex            0%           97%         3
 Vampiric Draining        Necr           0%           97%         3
 Animate Dead             Necr           0%           100%        4
 Cause Fear               Hex            0%           100%        4
 Ice Form                 Ice/Tmut       0%           100%        4
 Leda's Liquefaction      Hex/Erth       0%           100%        4
 Olgreb's Toxic Radiance  Pois           0%           100%        4
 Passage of Golubria      Tloc           N/A          100%        4
 Petrify                  Tmut/Erth      0%           100%        4
 Sticky Flame             Conj/Fire      0%           100%        4
 Summon Ice Beast         Ice/Summ       0%           100%        4
 Summon Lightning Spire   Summ/Air       0%           100%        4
 Agony                    Necr           0%           100%        5
 Bolt of Magma            Conj/Fire/Erth 0%           100%        5
 Borgnjor's Vile Clutch   Necr/Erth      0%           100%        5
 Fireball                 Conj/Fire      0%           100%        5
 Irradiate                Conj/Tmut      0%           100%        5
 Lee's Rapid Deconstruct  Erth           0%           100%        5
 Lightning Bolt           Conj/Air       0%           100%        5
 Metabolic Englaciation   Hex/Ice        0%           100%        5
 Silence                  Hex/Air        0%           100%        5
 Summon Mana Viper        Hex/Summ       0%           100%        5
 Yara's Violent Unravell  Hex/Tmut       0%           100%        5
 Conjure Ball Lightning   Conj/Air       0%           100%        6
 Death Channel            Necr           0%           100%        6
 Dispersal                Tloc           0%           100%        6
 Freezing Cloud           Conj/Ice/Air   0%           100%        6
 Hydra Form               Tmut           0%           100%        6
 Invisibility             Hex            0%           100%        6
 Iron Shot                Conj/Erth      0%           100%        6
 Ozocubu's Refrigeration  Ice            0%           100%        6
 Shadow Creatures         Summ           N/A          100%        6
 Simulacrum               Ice/Necr       0%           100%        6
 Starburst                Conj/Fire      0%           100%        6
 Dragon Form              Tmut           0%           100%        7
 Discord                  Hex            0%           100%        8
 Disjunction              Tloc           0%           100%        8
 Ignition                 Fire           0%           100%        8
 Shatter                  Erth           0%           100%        9
 Tornado                  Air            0%           100%        9
 Statue Form              Tmut/Erth      Unusable     N/A         6

Dungeon Overview and Level Annotations

Branches:
Dungeon (15/15)            Temple (1/1) D:7            Lair (6/6) D:10
 Shoals (4/4) Lair:3        Snake (4/4) Lair:3        Slime (0/5) Lair:5
    Orc (2/2) D:11            Elf (3/3) Orc:2        Vaults (5/5) D:14
  Crypt (3/3) Vaults:3       Tomb (0/3) Crypt:3      Depths (5/5) D:15
   Hell (visited)             Dis (7/7) Hell            Geh (2/7) Hell
    Coc (0/7) Hell            Tar (7/7) Hell            Zot (5/5) Depths:5
 Bailey (visited)

Altars:
Ashenzari
Cheibriados
Dithmenos
Elyvilon
Fedhas
Gozag
Hepliaklqana
Kikubaaqudgha
Makhleb
Nemelex Xobeh
Okawaru
Qazlal
Ru
Sif Muna
Trog
Uskayaw
Vehumet
Wu Jian
Xom
Yredelemnul
Zin
The Shining One
Beogh

Shops:
D:4 :[=   D:8 !   Orc:2 !:=(   Elf:1 (   Shoals:1 ?=[}[   Snake:1 (
Snake:2 }:   Snake:3 ==}   Snake:4 !   Vaults:3 (   Vaults:5 *[=!!

Portals:
Hell: Depths:1 Depths:2 Depths:3 Depths:4 Depths:5
Abyss: Depths:2 Depths:3 Depths:4 Depths:5
Pandemonium: Depths:3
Ziggurat: Depths:3

Annotations:
Tar:2 7 runed doors


Innate Abilities, Weirdness & Mutations

You are resistant to torment.
Your stone body is resilient. (AC +20)
You are immune to poison.
Your large and strong wings let you fly indefinitely.
You resist negative energy. (rN+)
You are resistant to electric shocks. (rElec)
You can survive without breathing.
You are immune to petrification.
You are immune to miasma.


Message History

The anaconda zombie is severely damaged.
You block the anaconda zombie's attack.
The anaconda zombie bites you but does no damage.
You hit the anaconda zombie.
The anaconda zombie is severely damaged.
The Brimstone Fiend gestures at you.
The sphere of damnation explodes!
The damnation engulfs you!!
* * * LOW HITPOINT WARNING * * *
The damnation engulfs the hell hound!!!
The hell hound dies!
The damnation engulfs the Brimstone Fiend.
The Brimstone Fiend completely resists.
You cut the Brimstone Fiend into ribbons!!!
The Brimstone Fiend is heavily wounded.
A hell hound comes into view.
You slash the Brimstone Fiend!
The Brimstone Fiend is severely wounded.
The Brimstone Fiend gestures at you.
The sphere of damnation explodes!
The damnation engulfs you!!!
You die...

# # ##.... ##.##..
##...... #+##.#.##.#
###########.##.......
#hh†@1R......##......
#Z###########.'..)...
#.# ######...... #.#
##≈≈## #.....)
#.######≈##≈###......
#.'.........≈##......
#.'.........# #.#.##.
#.'.........# #######
####°####...##


You could see a Brimstone Fiend, an efreet, 2 hell hounds and an anaconda
zombie.

Vanquished Creatures
  Ereshkigal (Tar:7)
  Dispater (Dis:7)
  An orb of fire (Zot:3)
  Mara (Vaults:5)
  Mennas (Crypt:1)
  5 ancient liches
  5 juggernauts
  The ghost of Netemen the Timeless, a master GnFi of Cheibriados (Zot:4)
  3 Killer Klowns (Zot:4)
  Boris (twice) (Vaults:4 Depths:5)
  Frederick (Depths:4)
  2 caustic shrikes (Depths:3)
  Bai Suzhen (Snake:4)
  3 curse toes
  11 golden dragons
  13 bone dragons
  Geryon (Hell)
  the Enchantress (Depths:1)
  17 Tzitzimimeh
  9 doom hounds
  2 electric golems (Zot:3)
  3 Brimstone Fiends
  A hellephant (Zot:4)
  An Ice Fiend (Dis:1)
  4 iron giants (Dis:7)
  8 liches
  7 Orb Guardians (Zot:5)
  17 tentacled monstrosities
  11 Hell Sentinels (Dis:7)
  4 quicksilver dragons
  6 titans
  A deep elf master archer (Elf:3)
  4 deep elf blademasters
  Asterion (Depths:2)
  6 sphinxes
  7 ancient champions
  A kraken (Shoals:3)
  Frances (Snake:1)
  7 death cobs
  8 storm dragons
  2 revenants
  Roxanne (Elf:3)
  10 tengu reavers
  4 draconian monks
  Ilsuiw (Shoals:3)
  14 fire giants
  7 nagarajas (Snake:4)
  26 shadow dragons
  3 draconian knights
  14 iron dragons
  Aizul (Snake:3)
  2 balrugs
  6 draconian scorchers
  15 vault wardens
  4 cacodemons
  Louise (Snake:2)
  3 ghost moths
  13 frost giants
  3 draconian stormcallers
  8 deep elf sorcerers
  3 curse skulls
  2 orc warlords
  4 draconian shifters
  3 deep elf elementalists
  2 draconian annihilators (Zot:1)
  38 reapers
  15 war gargoyles
  4 spriggan defenders
  15 very ugly things
  9 green draconians
  18 stone giants
  12 vampire knights
  11 ironheart preservers
  11 black draconians
  2 dire elephants (Zot:4)
  3 purple draconians (Zot:3)
  2 lorocyprocas
  8 red draconians
  An entropy weaver (Vaults:2)
  10 deep elf demonologists
  9 deep elf annihilators (Elf:3)
  3 eidola
  7 spark wasps
  A minotaur (Depths:2)
  3 yellow draconians
  A green death (Hell)
  5 merfolk impalers
  18 ettins
  8 great orbs of eyes
  2 blizzard demons (Hell)
  A crystal guardian (Vaults:1)
  21 jiangshi
  2 quicksilver dragon zombies
  4 merfolk javelineers
  Josephine (Lair:6)
  20 fire dragons
  10 deep elf death magi
  20 yaktaur captains
  5 deep elf high priests
  8 hydras
  16 naga warriors
  28 vault guards
  5 rakshasas
  4 large abominations
  6 spriggan air magi
  2 ghost crabs
  3 quicksilver dragon skeletons
  A hell beast (Hell)
  7 boulder beetles
  11 ogre magi
  7 centaur warriors
  9 ice dragons
  16 anacondas
  An anaconda (shapeshifter) (Vaults:2)
  2 merfolk avatars
  A satyr (Shoals:3)
  4 merfolk aquamancers
  5 alligator snapping turtles
  A two-headed ogre (shapeshifter) (Elf:1)
  13 deep troll shamans
  10 death knights
  25 two-headed ogres
  11 deep troll earth magi
  11 vampire magi
  3 death yaks (D:10)
  A titan zombie (Dis:7)
  23 dancing weapons
  4 orc high priests (Orc:2)
  8 spriggan berserkers
  6 tengu warriors
  11 hell hogs
  29 hell knights
  Nergalle (D:10)
  Urug (Lair:3)
  20 deep elf knights
  12 naga sharpshooters
  2 shock serpents
  2 titan skeletons
  7 iron golems
  6 sun demons
  19 soul eaters
  2 storm dragon zombies
  A sixfirhy (Hell)
  7 salamander mystics
  8 shadow wraiths
  12 unseen horrors
  2 ghost moth zombies
  14 sea snakes
  2 storm dragon skeletons
  88 skeletal warriors
  5 wizards
  2 golden dragon zombies
  21 iron trolls
  An anaconda zombie (Hell)
  6 flayed ghosts
  34 deep trolls
  A death drake (Tar:4)
  2 wolf spider zombies
  14 ironbrand convokers
  3 small abominations
  5 naga ritualists
  11 deep elf archers
  21 shadow demons
  An anaconda skeleton (Tar:6)
  4 golden dragon skeletons
  6 glowing orange brains
  3 iron dragon zombies
  A bunyip skeleton (Crypt:2)
  20 orc knights
  15 phantasmal warriors
  53 deep elf magi
  20 necromancers
  2 oklob plants (Lair:4)
  2 shadow dragon zombies
  27 harpies
  4 lindwurms (Snake:4)
  2 wolf spiders (Vaults:2)
  17 salamanders
  7 orc sorcerers
  3 fire giant zombies
  18 mana vipers
  11 cyclopes
  21 moths of wrath
  A faun (Shoals:3)
  4 stone giant zombies
  62 ugly things
  A moth of wrath (shapeshifter) (Depths:2)
  A shadow dragon skeleton (Tar:2)
  3 frost giant skeletons
  5 frost giant zombies
  10 guardian serpents
  10 vault sentinels
  34 black mambas
  3 iron dragon skeletons
  6 merfolk sirens
  10 manticores
  A salamander (shapeshifter) (Depths:1)
  2 ice statues (Hell)
  32 elephants
  A goliath frog skeleton (Crypt:3)
  3 human skeletons
  4 stone giant skeletons
  11 water nymphs
  17 rust devils
  27 naga magi
  2 fire giant skeletons
  7 smoke demons
  An emperor scorpion zombie (Tar:6)
  2 torpor snails (shapeshifter)
  A cane toad (shapeshifter) (D:15)
  5 spectral swamp worms (Depths:5)
  Maggie (D:10)
  12 cane toads
  12 hellions
  An orange demon (Hell)
  3 gargoyles
  A yellow draconian zombie (Crypt:2)
  21 komodo dragons
  15 freezing wraiths
  A death yak zombie (Crypt:1)
  21 rime drakes
  64 yaktaurs
  2 yaktaurs (shapeshifter)
  2 kobold demonologists
  2 anaconda simulacra
  24 tormentors
  A komodo dragon (shapeshifter) (D:15)
  9 trolls
  A queen ant zombie (Crypt:3)
  A rime drake (shapeshifter) (Vaults:4)
  4 ice devils
  A yaktaur skeleton (Vaults:1)
  A pale draconian skeleton (Crypt:1)
  7 hydra zombies
  7 red devils
  A polar bear (shapeshifter) (D:15)
  A guardian mummy (Zot:3)
  A queen bee (D:12)
  A harpy zombie (Crypt:2)
  A meliai (shapeshifter) (Depths:2)
  4 silent spectres
  3 meliai (D:12)
  10 tengu conjurers
  3 polar bears
  A grey draconian skeleton (Crypt:1)
  Grinder (D:6)
  3 hydra skeletons (Hell)
  20 merfolk
  20 dream sheep
  15 slime creatures
  6 snapping turtles
  8 wind drakes
  2 tengu simulacra
  A raiju (shapeshifter) (Vaults:4)
  12 hornets
  2 alligator zombies
  3 ice dragon zombies
  13 blink frogs
  A moth of wrath zombie (Crypt:2)
  A fire giant simulacrum (Vaults:2)
  2 human simulacra
  3 ettin zombies
  A jumping spider zombie (Crypt:3)
  32 flying skulls
  A slime creature (shapeshifter) (Elf:2)
  2 air elementals (Elf:3)
  3 fire dragon zombies
  A centaur simulacrum (D:15)
  An alligator skeleton (Dis:1)
  A redback (shapeshifter) (Vaults:2)
  A black mamba zombie (Dis:5)
  A spriggan (shapeshifter) (Vaults:4)
  2 ice dragon skeletons (Tar:1)
  A shock serpent simulacrum (Hell)
  13 water elementals
  2 redbacks (Vaults:2)
  A tarantella (Vaults:2)
  10 shadows
  A tarantella (shapeshifter) (Vaults:1)
  9 wyverns
  Sigmund (D:3)
  3 vampires
  A black mamba skeleton (Geh:1)
  4 fire dragon skeletons
  5 basilisks
  2 hogs (shapeshifter) (D:15)
  A wyvern (shapeshifter) (Depths:1)
  A human (shapeshifter) (Vaults:1)
  5 spriggans
  13 wraiths
  A ynoxinul (Depths:3)
  23 humans
  Eustachio (D:4)
  7 fire bats
  50 yaks
  A chaos spawn (Depths:3)
  8 fire elementals
  A golden eye (shapeshifter) (Depths:2)
  10 steam dragons (Lair:6)
  47 nagas
  9 wargs
  6 vampire mosquitoes (D:10)
  A hydra simulacrum (Hell)
  2 acid dragons
  38 hell hounds
  29 water moccasins
  A soldier ant (D:13)
  2 black bears
  4 sky beasts
  2 cane toad zombies
  A hornet zombie (D:6)
  71 orc warriors
  10 ice beasts
  28 necrophages
  2 snapping turtle zombies
  9 phantoms
  A cane toad skeleton (Crypt:3)
  A manticore zombie (Hell)
  3 eyes of draining
  5 boggarts
  40 ogres
  2 snapping turtle skeletons
  9 wolves
  20 centaurs
  An elf zombie (Elf:1)
  A fire crab zombie (Crypt:1)
  4 big kobolds
  A yaktaur zombie (Vaults:1)
  2 human zombies
  2 earth elementals
  18 bullfrogs
  A cyclops zombie (Crypt:3)
  7 scorpions
  A warg skeleton (Crypt:1)
  A spriggan zombie (Geh:1)
  A queen bee zombie (Crypt:3)
  A troll zombie (Dis:7)
  A water moccasin skeleton (D:11)
  36 killer bees
  44 wights
  An electric eel (Lair:4)
  An elf simulacrum (Vaults:5)
  3 bullfrog zombies
  4 crimson imps
  8 hounds
  5 centaur zombies
  32 iron imps
  9 jellies
  A quasit (D:11)
  3 bullfrog skeletons
  42 orc priests
  23 orc wizards
  5 centaur skeletons
  Ijyb (D:5)
  2 iguanas
  Natasha (twice) (D:3)
  12 hell rats
  7 worker ants
  A killer bee zombie (D:6)
  A naga zombie (Dis:7)
  A demigod zombie (Crypt:3)
  An ogre zombie (Tar:2)
  A demigod skeleton (Crypt:2)
  A hound zombie (D:10)
  2 hound skeletons
  2 mummies
  Robin (D:4)
  16 adders
  6 gnolls
  A howler monkey skeleton (D:5)
  14 river rats
  15 shadow imps
  4 white imps
  2 ufetubi
  2 adder zombies
  2 adder skeletons
  3 worms
  7 dart slugs
  2 leopard geckos
  123 orcs
  6 bats
  2 giant cockroaches
  18 goblins
  17 hobgoblins
  20 jackals
  6 quokkas
  7 ball pythons
  A ball python skeleton (Crypt:3)
  4 frilled lizards
  A hobgoblin skeleton (Crypt:2)
  A jackal skeleton (D:5)
  45 kobolds
  A leopard gecko skeleton (D:6)
  An orc skeleton (Tar:7)
  An orc zombie (Tar:2)
  A quokka skeleton (Crypt:2)
  18 rats
  A rat skeleton (Crypt:1)
  4 crawling corpses
  5 tentacles (Shoals:3)
3327 creatures vanquished.

Vanquished Creatures (others)
  Nikola (Snake:2)
  A frost giant (Depths:1)
  A draconian stormcaller (Zot:1)
  2 hell hogs
  A deep elf mage (Elf:3)
  A black mamba (Snake:2)
  A naga mage (Snake:2)
  A tormentor (Dis:1)
  A water elemental (Shoals:2)
  A steam dragon (shapeshifter) (Depths:2)
  4 hell hounds
  An ogre (Vaults:5)
  An iron imp (Dis:7)
  A kobold (D:11)
  21 fungi
  62 plants
  7 tentacles
  25 withered plants (Crypt:3)
133 creatures vanquished.

Grand Total: 3460 creatures vanquished

Notes
Turn   | Place    | Note
-------+----------+-------------------------------------------
     0 | D:1      | timneilson the Gargoyle Fighter began the quest for the
                  | Orb.
     0 | D:1      | Reached XP level 1. HP: 14/14 MP: 1/1
   120 | D:1      | Reached XP level 2. HP: 16/19 MP: 2/2
   696 | D:1      | Reached XP level 3. HP: 23/23 MP: 3/3
  1300 | D:2      | Reached XP level 4. HP: 10/28 MP: 4/4
  2122 | D:3      | Noticed Sigmund
  2129 | D:3      | Killed Sigmund
  2130 | D:3      | Reached XP level 5. HP: 33/33 MP: 5/5
  2130 | D:3      | Reached XP level 6. HP: 38/38 MP: 6/6
  2270 | D:3      | Found a faded altar of an unknown god.
  2272 | D:3      | Noticed Natasha
  2282 | D:3      | Killed Natasha
  2460 | D:3      | Noticed Natasha
  2467 | D:3      | Killed Natasha
  2468 | D:3      | Reached skill level 5 in Armour
  2801 | D:4      | Reached skill level 5 in Shields
  2959 | D:4      | Noticed Robin
  2960 | D:4      | Found Dotsax's Jewellery Shoppe.
  3010 | D:4      | Killed Robin
  3267 | D:4      | Noticed Eustachio
  3292 | D:4      | Reached XP level 7. HP: 35/44 MP: 7/7
  3318 | D:4      | Killed Eustachio
  3430 | D:4      | Found Henogug's Book Boutique.
  3533 | D:4      | Found the +7 pair of quick blades "Gyre" and "Gimble"
                  | {protect}
  3537 | D:4      | Found Goraq's Antique Armour Emporium.
  4028 | D:4      | Bought a pair of dazzling gloves for 247 gold pieces
  4028 | D:4      | Identified the +1 pair of gloves of the Crushed Tusks
                  | {Int+3 Dex+3 Slay-4} (You bought it in a shop on level 4 of
                  | the Dungeon)
  4065 | D:5      | Entered Level 5 of the Dungeon
  4142 | D:5      | Found a burning altar of Makhleb.
  4244 | D:5      | Reached XP level 8. HP: 36/48 MP: 8/8
  4423 | D:5      | Reached skill level 5 in Fighting
  4428 | D:5      | Noticed Ijyb
  4449 | D:5      | Killed Ijyb
  4706 | D:5      | Found a sparkling altar of Nemelex Xobeh.
  4735 | D:5      | Found a blossoming altar of Fedhas.
  5113 | D:6      | Noticed a cyclops
  5114 | D:6      | Reached skill level 5 in Long Blades
  5139 | D:6      | Killed a cyclops
  5327 | D:6      | Reached XP level 9. HP: 55/55 MP: 9/9
  5586 | D:6      | Found a bloodstained altar of Trog.
  5606 | D:6      | Noticed Grinder
  5622 | D:6      | Killed Grinder
  5712 | D:6      | Found a blossoming altar of Fedhas.
  5857 | D:6      | Found a faded altar of an unknown god.
  5857 | D:6      | Found an opulent altar of Gozag.
  5862 | D:6      | Found a hide-covered altar of Uskayaw.
  5864 | D:6      | Found a faded altar of an unknown god.
  5866 | D:6      | Found an ornate altar of the Wu Jian Council.
  6482 | D:7      | Found a glowing golden altar of the Shining One.
  7211 | D:7      | Found a staircase to the Ecumenical Temple.
  7220 | Temple   | Entered the Ecumenical Temple
  7443 | D:8      | Found the +0 mask of the Dragon {Will+ Slay+3 SInv}
  7459 | D:8      | Got an opalescent robe
  7516 | D:8      | Reached XP level 10. HP: 61/61 MP: 10/10
  7711 | D:8      | Found a broken altar of Ashenzari.
  7772 | D:8      | Reached skill level 1 in Evocations
  8259 | D:8      | Found Weguoh's Distillery.
  8512 | D:9      | Found an iron altar of Okawaru.
  8532 | D:9      | Became a worshipper of Warmaster Okawaru
  8969 | D:9      | Reached skill level 1 in Invocations
  9005 | D:9      | Reached * piety under Okawaru
  9091 | D:10     | Entered Level 10 of the Dungeon
  9146 | D:10     | Found a flagged portal.
  9177 | Bailey   | Entered a bailey
  9346 | Bailey   | Noticed an orc knight
  9363 | Bailey   | Killed an orc knight
  9391 | Bailey   | Got a shimmering turquoise ring
  9724 | D:10     | Reached ** piety under Okawaru
  9725 | D:10     | Reached XP level 11. HP: 67/67 MP: 12/12
  9729 | D:10     | Reached skill level 10 in Shields
  9737 | D:10     | Reached skill level 10 in Armour
  9776 | D:10     | Found the +12 Vampire's Tooth {vamp}
  9978 | D:10     | Noticed Nergalle
  9997 | D:10     | Killed Nergalle
 10148 | D:10     | Noticed Maggie
 10152 | D:10     | Identified the cursed +1 robe of Skepticism {MP+9 Int+4
                  | Dex+2 Stlth+}
 10162 | D:10     | Killed Maggie
 10162 | D:10     | Reached *** piety under Okawaru
 10338 | D:10     | Noticed a death yak
 10354 | D:10     | Noticed a death yak
 10356 | D:10     | Noticed a death yak
 10364 | D:10     | Killed a death yak
 10382 | D:10     | Killed a death yak
 10393 | D:10     | Killed a death yak
 10491 | D:10     | Found a staircase to the Lair.
 10561 | D:10     | Reached **** piety under Okawaru
 10751 | D:10     | Identified the ring of Gaqor {rPois rF+ rC+ rN+} (You found
                  | it in a bailey)
 10933 | D:4      | Bought an uncursed amulet of reflection for 390 gold pieces
 11253 | D:11     | Received a gift from Okawaru
 11315 | D:11     | Noticed a two-headed ogre
 11334 | D:11     | Killed a two-headed ogre
 11424 | D:11     | Reached XP level 12. HP: 68/74 MP: 15/15
 11947 | D:11     | You fall into a shaft and drop 2 floors!
 12037 | D:13     | Reached ***** piety under Okawaru
 12499 | D:12     | Received a gift from Okawaru
 12523 | D:12     | Got a fine kite shield {god gift}
 12524 | D:12     | Identified the +0 kite shield of Ulillied {rC++ rN++ Int-3
                  | Slay-5} (Okawaru gifted it to you on level 12 of the
                  | Dungeon)
 12584 | D:12     | Reached skill level 5 in Invocations
 13095 | D:12     | Noticed a boulder beetle
 13134 | D:12     | Killed a boulder beetle
 13301 | D:12     | Noticed a two-headed ogre
 13315 | D:12     | Killed a two-headed ogre
 13316 | D:12     | Reached skill level 10 in Long Blades
 13586 | D:12     | Found a roughly hewn altar of Beogh.
 14140 | D:11     | Reached XP level 13. HP: 80/80 MP: 10/17
 14196 | D:11     | Reached skill level 5 in Evocations
 14350 | D:11     | Found a staircase to the Orcish Mines.
 14744 | D:4      | Bought the ring of Suspected Treachery {rElec rN+ Str+6
                  | Int-4 Slay+6} for 824 gold pieces
 15104 | D:13     | Received a gift from Okawaru
 15897 | D:14     | Received a gift from Okawaru
 15908 | D:14     | Noticed a vault guard
 15924 | D:14     | Killed a vault guard
 15978 | D:14     | Found a gate to the Vaults.
 16357 | Lair:1   | Entered Level 1 of the Lair of Beasts
 16820 | Lair:1   | Received a gift from Okawaru
 16821 | Lair:1   | Got a smoking helmet {god gift}
 16822 | Lair:1   | Identified the +2 helmet of Narcissism {Regen+} (Okawaru
                  | gifted it to you on level 1 of the Lair of Beasts)
 16919 | Lair:1   | Gained mutation: Your large and strong wings let you fly
                  | indefinitely. [Gargoyle growth]
 16919 | Lair:1   | Reached XP level 14. HP: 87/87 MP: 19/19
 17365 | Lair:2   | Reached skill level 10 in Fighting
 17794 | Lair:2   | Got a translucent turquoise ring
 17795 | Lair:2   | Identified the ring of Understanding {MP+9 Str+3 Dex+3}
                  | (You found it on level 2 of the Lair of Beasts)
 18304 | Lair:3   | Found a staircase to the Snake Pit.
 18457 | Lair:3   | Noticed Urug
 18468 | Lair:3   | Killed Urug
 18891 | Lair:3   | Found a staircase to the Shoals.
 19426 | Lair:4   | Received a gift from Okawaru
 20271 | Lair:5   | Found a staircase to the Slime Pits.
 20350 | Lair:5   | Reached ****** piety under Okawaru
 20361 | Lair:5   | Received a gift from Okawaru
 20371 | Lair:5   | Identified the +8 scimitar "Qom Gadgh" {vorpal, rPois
                  | Dex+2} (Okawaru gifted it to you on level 5 of the Lair of
                  | Beasts)
 20543 | Lair:5   | Reached XP level 15. HP: 74/93 MP: 19/21
 21144 | Lair:6   | Entered Level 6 of the Lair of Beasts
 21240 | Lair:6   | Received a gift from Okawaru
 21655 | Lair:6   | Received a gift from Okawaru
 21982 | Lair:6   | Noticed Josephine
 21999 | Lair:6   | Killed Josephine
 22827 | Orc:1    | Entered Level 1 of the Orcish Mines
 22856 | Orc:1    | Reached XP level 16. HP: 92/100 MP: 22/22
 22936 | Orc:2    | Entered Level 2 of the Orcish Mines
 23199 | Orc:2    | Reached skill level 15 in Shields
 23364 | Orc:2    | Found a staircase to the Elven Halls.
 23429 | Orc:2    | Received a gift from Okawaru
 23447 | Orc:2    | Identified the +5 long sword "Vibecsim" {freeze, rElec}
                  | (Okawaru gifted it to you on level 2 of the Orcish Mines)
 23658 | Orc:2    | Reached skill level 15 in Armour
 24155 | Orc:2    | Found Gueblu's Distillery.
 24366 | Orc:2    | Found a roughly hewn altar of Beogh.
 24383 | Orc:2    | Found Idwaimuscha's Book Boutique.
 24703 | Orc:2    | Found a roughly hewn altar of Beogh.
 24937 | Orc:2    | Found Huaw's Jewellery Boutique.
 24985 | Orc:2    | Found Qaolof's Antique Weapon Shop.
 25819 | D:15     | Entered Level 15 of the Dungeon
 26020 | D:15     | Received a gift from Okawaru
 26142 | D:15     | Found a staircase to the Depths.
 27425 | Depths:1 | Entered Level 1 of the Depths
 27425 | Depths:1 | Found a gateway to Hell.
 27425 | Depths:1 | Noticed a sphinx
 27642 | Snake:1  | Entered Level 1 of the Snake Pit
 27733 | Snake:1  | Found a runed translucent gate.
 27733 | Snake:1  | Found a runed translucent gate.
 27733 | Snake:1  | Found a runed translucent gate.
 27793 | Snake:1  | Found Eqahafun's Weapon Boutique.
 27811 | Snake:1  | Reached XP level 17. HP: 106/106 MP: 24/24
 28016 | Snake:1  | Received a gift from Okawaru
 28034 | Snake:1  | Reached skill level 10 in Invocations
 28229 | Snake:1  | Noticed Frances
 28242 | Snake:1  | Killed Frances
 28963 | Snake:2  | Received a gift from Okawaru
 29061 | Snake:2  | Found Wurae's Gadget Shoppe.
 29065 | Snake:2  | Found Viulaisa's Book Emporium.
 29098 | Snake:2  | Noticed Louise
 29125 | Snake:2  | Killed Louise
 29217 | Snake:2  | Noticed Nikola
 29231 | Snake:2  | Killed Nikola
 29881 | Snake:3  | Found the +5 scythe "Finisher" {speed, eviscerate}
 29958 | Snake:3  | Noticed Aizul
 29975 | Snake:3  | Killed Aizul
 30153 | Snake:3  | Identified the +2 falchion "Demonslayer" {holy, Int+2 SInv}
                  | (You found it on level 3 of the Snake Pit)
 30367 | Snake:3  | Found a glowing golden altar of the Shining One.
 30405 | Snake:3  | Received a gift from Okawaru
 30816 | Snake:3  | Found Guis's Gadget Shoppe.
 30816 | Snake:3  | Found Byfy's Jewellery Boutique.
 30817 | Snake:3  | Found Jolaz's Jewellery Boutique.
 30856 | Snake:4  | Entered Level 4 of the Snake Pit
 30991 | Snake:4  | Reached XP level 18. HP: 85/113 MP: 26/26
 31102 | Snake:4  | Found a shimmering blue altar of Sif Muna.
 31125 | Snake:4  | Received a gift from Okawaru
 31189 | Snake:4  | Found Fymiupli's Distillery.
 31196 | Snake:4  | Noticed Bai Suzhen
 31215 | Snake:4  | Killed Bai Suzhen
 31342 | Snake:4  | Received a gift from Okawaru
 31857 | Snake:4  | Received a gift from Okawaru
 32694 | Snake:4  | Got a serpentine rune of Zot
 33026 | Shoals:1 | Entered Level 1 of the Shoals
 33030 | Shoals:1 | Found Quazuwax's Gadget Emporium.
 33146 | Snake:3  | Bought a condenser vane for 600 gold pieces
 33250 | Shoals:1 | Received a gift from Okawaru
 33253 | Shoals:1 | Identified the +1 hat of the Hurricane {rC+} (Okawaru
                  | gifted it to you on level 1 of the Shoals)
 33279 | Shoals:1 | Found Laitikeuc's Armour Shoppe.
 33492 | Shoals:1 | Found Kares's Magic Scroll Shop.
 33744 | Shoals:1 | Found Oveopig's Jewellery Boutique.
 33792 | Shoals:1 | Found Osuy's Antique Armour Boutique.
 33800 | Shoals:1 | Bought a distressingly furry tower shield for 342 gold
                  | pieces
 33800 | Shoals:1 | Bought an ichor-stained cloak for 342 gold pieces
 33800 | Shoals:1 | Bought a pair of runed boots for 270 gold pieces
 33810 | Shoals:1 | Identified a +1 pair of boots of running (You bought it in
                  | a shop on level 1 of the Shoals)
 33811 | Shoals:1 | Identified the -3 cloak "Huoklewu" {rN++} (You bought it in
                  | a shop on level 1 of the Shoals)
 33813 | Shoals:1 | Identified the +4 tower shield "Bucwom" {rPois rN+ Int-3}
                  | (You bought it in a shop on level 1 of the Shoals)
 34270 | Shoals:2 | Reached XP level 19. HP: 111/119 MP: 27/27
 34657 | Shoals:2 | Reached skill level 10 in Evocations
 35277 | Shoals:3 | Reached skill level 15 in Long Blades
 35293 | Shoals:3 | Noticed Ilsuiw
 35328 | Shoals:3 | Killed Ilsuiw
 36693 | Shoals:4 | Entered Level 4 of the Shoals
 37086 | Shoals:4 | Got a barnacled rune of Zot
 37476 | Shoals:4 | Received a gift from Okawaru
 37730 | Shoals:4 | Identified the Tome of Igneous Stones
 38693 | Depths:1 | Noticed the Enchantress
 38706 | Depths:1 | Noticed a juggernaut
 38736 | Depths:1 | Killed a juggernaut
 38737 | Depths:1 | Reached XP level 20. HP: 64/126 MP: 25/29
 38750 | Depths:1 | Killed the Enchantress
 38767 | Depths:1 | Noticed a Brimstone Fiend
 39439 | Depths:1 | Received a gift from Okawaru
 39749 | Depths:1 | Identified a +1 pair of boots of running (You found it on
                  | level 1 of the Depths)
 40518 | Depths:1 | Identified the Compendium of Calling and Transformation
 40957 | Depths:2 | Found a one-way gate to the infinite horrors of the Abyss.
 41050 | Depths:2 | Reached XP level 21. HP: 93/132 MP: 30/30
 41348 | Depths:2 | Noticed Asterion
 41365 | Depths:2 | Killed Asterion
 41390 | Depths:2 | Received a gift from Okawaru
 42233 | Depths:3 | Received a gift from Okawaru
 42308 | Depths:3 | Identified the +1 scimitar "Icwugh" {pain, rC+ Int+3}
                  | (Okawaru gifted it to you on level 3 of the Depths)
 42369 | Depths:3 | Found a one-way gate leading to the halls of Pandemonium.
 42744 | Depths:3 | Identified the ring of Acaj {*Tele Str+3}
 42766 | Depths:3 | Noticed a juggernaut
 42766 | Depths:3 | Noticed a golden dragon
 42783 | Depths:3 | Killed a juggernaut
 42831 | Depths:3 | Received a gift from Okawaru
 42832 | Depths:3 | Reached XP level 22. HP: 28/139 MP: 25/32
 43182 | Depths:3 | Found a gateway to a ziggurat.
 43340 | Depths:3 | You are sucked into a shaft and drop 1 floor!
 43817 | Depths:2 | Reached skill level 15 in Fighting
 43833 | Depths:2 | Noticed a caustic shrike
 43849 | Depths:3 | Killed a caustic shrike
 44148 | Depths:3 | Noticed a caustic shrike
 44157 | Depths:3 | Killed a caustic shrike
 44217 | Depths:3 | Received a gift from Okawaru
 44221 | Depths:3 | Identified the +0 demon blade "Itzoikus" {elec, +Blink +Fly
                  | rElec} (Okawaru gifted it to you on level 3 of the Depths)
 44248 | Depths:3 | Noticed a juggernaut
 44261 | Depths:3 | Killed a juggernaut
 44283 | Depths:3 | Killed a golden dragon
 44309 | Depths:3 | Identified the +2 helmet of the Maze {rElec rC+} (You found
                  | it on level 3 of the Depths)
 45169 | Vaults:1 | Entered Level 1 of the Vaults
 45270 | Vaults:1 | Received a gift from Okawaru
 45281 | Vaults:1 | Identified the +7 scimitar of Iwky {vorpal, rF+ rC- Str+5
                  | SInv} (Okawaru gifted it to you on level 1 of the Vaults)
 45526 | Vaults:1 | You fall into a shaft and drop 1 floor!
 46253 | Vaults:2 | Received a gift from Okawaru
 46254 | Vaults:2 | Reached XP level 23. HP: 142/145 MP: 33/33
 48416 | Vaults:3 | You are sucked into a shaft and drop 1 floor!
 48461 | Vaults:4 | Noticed Boris
 48483 | Vaults:4 | Killed Boris
 48536 | Vaults:4 | Received a gift from Okawaru
 50203 | Vaults:3 | Found Ovvanof's Weapon Shop.
 50261 | Vaults:3 | Found a staircase to the Crypt.
 50277 | Vaults:3 | Reached XP level 24. HP: 140/152 MP: 32/33
 50833 | Crypt:1  | Entered Level 1 of the Crypt
 50833 | Crypt:1  | Noticed Mennas
 50847 | Crypt:1  | Killed Mennas
 51009 | Crypt:1  | Got a scorched pewter amulet
 51022 | Crypt:1  | Identified the amulet "Zacrir" {RegenMP rF+++ MP+9 Slay-6
                  | Stlth+} (You found it on level 1 of the Crypt)
 51087 | Crypt:1  | Received a gift from Okawaru
 51552 | Crypt:1  | Received a gift from Okawaru
 52593 | Crypt:3  | Entered Level 3 of the Crypt
 52603 | Crypt:3  | Reached skill level 15 in Invocations
 53167 | Crypt:3  | Received a gift from Okawaru
 53172 | Crypt:3  | Identified the +1 demon blade "Abaery" {pain, +Blink rPois
                  | Str-4 Dex+4} (Okawaru gifted it to you on level 3 of the
                  | Crypt)
 53179 | Crypt:3  | Found a staircase to the Tomb.
 53556 | Crypt:3  | Noticed an ancient lich
 53575 | Crypt:3  | Killed an ancient lich
 53586 | Crypt:3  | Noticed an ancient lich
 53596 | Crypt:3  | Killed an ancient lich
 54117 | Depths:2 | Reached XP level 25. HP: 80/159 MP: 34/34
 54783 | Shoals:1 | Bought a scroll of identify for 28 gold pieces
 54783 | Shoals:1 | Bought a scroll of remove curse for 42 gold pieces
 54783 | Shoals:1 | Bought 3 scrolls of enchant weapon for 315 gold pieces
 54783 | Shoals:1 | Bought a scroll of enchant armour for 105 gold pieces
 54783 | Shoals:1 | Bought a scroll of identify for 28 gold pieces
 54783 | Shoals:1 | Bought a scroll of identify for 28 gold pieces
 54783 | Shoals:1 | Bought a scroll of identify for 28 gold pieces
 54783 | Shoals:1 | Bought a scroll of remove curse for 42 gold pieces
 54783 | Shoals:1 | Bought a scroll of teleportation for 42 gold pieces
 55222 | Depths:4 | Received a gift from Okawaru
 55407 | Depths:4 | Noticed Frederick
 55417 | Depths:4 | Killed Frederick
 56128 | Depths:5 | Entered Level 5 of the Depths
 56128 | Depths:5 | Noticed a juggernaut
 56135 | Depths:5 | Noticed a juggernaut
 56143 | Depths:5 | Killed a juggernaut
 56229 | Depths:5 | Killed a juggernaut
 56343 | Depths:5 | Noticed Boris
 56354 | Depths:5 | Received a gift from Okawaru
 56367 | Depths:5 | Killed Boris
 56951 | Depths:5 | Found a gate to the Realm of Zot.
 57664 | Vaults:5 | Entered Level 5 of the Vaults
 57669 | Vaults:4 | Reached XP level 26. HP: 166/166 MP: 28/34
 57721 | Vaults:4 | Received a gift from Okawaru
 57824 | Vaults:5 | Got a scintillating marble ring
 57825 | Vaults:5 | Identified the ring "Jamahykk" {*Slow rPois rF+ rC+ SInv}
                  | (You found it on level 5 of the Vaults)
 57927 | Vaults:5 | Identified the +6 crystal plate armour of Roley {Dex+2
                  | Stlth+} (You found it on level 5 of the Vaults)
 58289 | Vaults:5 | Noticed an ancient lich
 58298 | Vaults:5 | Killed an ancient lich
 58401 | Vaults:5 | Found Atzoacuf's Distillery.
 58402 | Vaults:5 | Noticed Mara
 58416 | Vaults:5 | Killed Mara
 58427 | Vaults:5 | Got a silver rune of Zot
 58605 | Vaults:5 | Received a gift from Okawaru
 58650 | Vaults:5 | Identified the +1 falchion "Dael" {flame, rPois} (Okawaru
                  | gifted it to you on level 5 of the Vaults)
 58768 | Vaults:5 | Got an ancient brass ring
 58769 | Vaults:5 | Identified the ring of Koekh {+Inv rF+ Str-4 Int+4 Stlth+}
                  | (You found it on level 5 of the Vaults)
 58958 | Vaults:5 | Found Nuets's Distillery.
 59005 | Vaults:5 | Received a gift from Okawaru
 59013 | Vaults:5 | Reached XP level 27. HP: 98/172 MP: 32/35
 59311 | Vaults:5 | Found Jiangib's Antique Armour Shoppe.
 59422 | Vaults:5 | Found Fef Sem's General Store.
 59422 | Vaults:5 | Found Diloafis's Jewellery Shoppe.
 59430 | Vaults:5 | Bought a scroll of identify for 30 gold pieces
 59430 | Vaults:5 | Bought a scroll of identify for 30 gold pieces
 59430 | Vaults:5 | Bought a scroll of enchant armour for 112 gold pieces
 59430 | Vaults:5 | Bought a scroll of silence for 112 gold pieces
 59817 | Zot:1    | Entered Level 1 of the Realm of Zot
 60307 | Elf:1    | Entered Level 1 of the Elven Halls
 60367 | Elf:1    | Found an ancient bone altar of Kikubaaqudgha.
 60490 | Elf:1    | Found Rupneots's Antique Weapon Boutique.
 60641 | Elf:1    | Received a gift from Okawaru
 60653 | Elf:1    | Got a fine cloak {god gift}
 60654 | Elf:1    | Identified the +2 cloak "Urien" {Will- Dex+6} (Okawaru
                  | gifted it to you on level 1 of the Elven Halls)
 60772 | Elf:1    | Identified Qych's Papyrus of Evil Arts
 61461 | Elf:2    | Found a huge runed translucent gate.
 61461 | Elf:2    | Found a huge runed translucent gate.
 61462 | Elf:2    | Found a huge runed translucent gate.
 61463 | Elf:2    | Found a huge runed translucent gate.
 61467 | Elf:2    | Found a huge runed translucent gate.
 61852 | Elf:2    | Found a shimmering blue altar of Sif Muna.
 62336 | Elf:3    | Entered Level 3 of the Elven Halls
 62517 | Elf:3    | Identified the +7 falchion "Beetleslayer" {venom, rC- Dex+8
                  | SInv Stlth-}
 62517 | Elf:3    | Identified the cursed +0 leather armour of Vuorewn {Harm
                  | +Blink rN++ Dex-5}
 62517 | Elf:3    | Identified the amulet of Tomorrow {Reflect *Corrode Str+3
                  | Dex+3 SH+5 SInv}
 63375 | Elf:3    | Noticed Roxanne
 63394 | Elf:3    | Killed Roxanne
 63474 | Elf:3    | Identified the ring "Toihops" {rF+ Dex+3 Stlth+}
 63524 | Elf:3    | Identified the +7 long sword "Tutos" {flame, +Inv rN+
                  | Int+5}
 63526 | Elf:3    | Received a gift from Okawaru
 63882 | Elf:3    | Identified the Guide on Hexes and the Blaze
 63992 | Elf:3    | Found the +2 cloak of the Thief {*Fog Slay-2 SInv Stlth+}
 64024 | Elf:3    | Identified Essalavo's Handbook of Beguiling
 64740 | Zot:1    | You are sucked into a shaft and drop 1 floor!
 65110 | Zot:1    | Reached skill level 15 in Evocations
 66730 | Zot:3    | Noticed an orb of fire
 66739 | Zot:3    | Killed an orb of fire
 66885 | Zot:3    | Received a gift from Okawaru
 67105 | Zot:3    | Noticed an ancient lich
 67122 | Zot:3    | Killed an ancient lich
 67327 | Zot:3    | Got a steaming bone amulet
 67328 | Zot:3    | Identified the amulet "Ase Peta" {Reflect Int+3 SH+5} (You
                  | found it on level 3 of the Realm of Zot)
 69137 | Zot:4    | Found a runed translucent door.
 69139 | Zot:4    | Noticed Netemen's ghost (master GnFi)
 69178 | Zot:4    | Killed Netemen's ghost
 69549 | Zot:5    | Entered Level 5 of the Realm of Zot
 70189 | Zot:5    | Noticed an ancient lich
 70214 | Zot:5    | Killed an ancient lich
 70335 | Zot:4    | Identified a scroll of acquirement
 70335 | Zot:4    | Acquired the +4 tower shield of the Insatiable Stars
                  | {Int+4}
 70523 | Hell     | Entered the Vestibule of Hell
 70523 | Hell     | Noticed Geryon
 70548 | Hell     | Killed Geryon
 71042 | Hell     | Found a gateway to the ashen valley of Gehenna.
 71360 | Hell     | Found a gateway to the decaying netherworld of Tartarus.
 71390 | Hell     | Found a gateway to the freezing wastes of Cocytus.
 71529 | Hell     | Found a gateway to the Iron City of Dis.
 71650 | Tar:1    | Entered Level 1 of Tartarus
 71671 | Tar:1    | Received a gift from Okawaru
 71677 | Tar:1    | Identified the +6 long sword "Cushets" {vorpal, rN+ Will-
                  | Str+5} (Okawaru gifted it to you on level 1 of Tartarus)
 72203 | Tar:2    | Found a huge runed gate.
 72203 | Tar:2    | Found a huge runed gate.
 72203 | Tar:2    | Found a huge runed gate.
 72203 | Tar:2    | Found a huge runed gate.
 72203 | Tar:2    | Found a huge runed gate.
 72205 | Tar:2    | Found a huge runed gate.
 72211 | Tar:2    | Found a huge runed gate.
 72888 | Tar:5    | Received a gift from Okawaru
 72908 | Tar:5    | Identified the +0 demon blade of Disgust {flame, *Rage rN++
                  | Will+} (Okawaru gifted it to you on level 5 of Tartarus)
 73656 | Tar:1    | Received a gift from Okawaru
 73659 | Tar:1    | Identified the +0 scimitar of a Thousand Stories {freeze,
                  | *Drain MP+9 Str+8 SInv} (Okawaru gifted it to you on level
                  | 1 of Tartarus)
 73831 | Tar:2    | Reached skill level 27 in Armour
 74228 | Tar:7    | Entered Level 7 of Tartarus
 74292 | Tar:7    | Received a gift from Okawaru
 74370 | Tar:7    | Identified Ywkac's Grimoire of Vitriolic Changing
 74482 | Tar:7    | Found the +2 robe of Vines {NoPotionHeal Regen+7}
 74518 | Tar:7    | Got a warped jade amulet
 74520 | Tar:7    | Got a flickering diamond amulet
 74521 | Tar:7    | Identified the amulet of Levity {Spirit rPois Int+2} (You
                  | found it on level 7 of Tartarus)
 74522 | Tar:7    | Identified the amulet "Zoarapeuxt" {Inacc Str+7 Stlth+}
                  | (You found it on level 7 of Tartarus)
 74749 | Tar:7    | Noticed Ereshkigal
 74765 | Tar:7    | Killed Ereshkigal
 74960 | Tar:7    | Received a gift from Okawaru
 75041 | Tar:7    | Got a bone rune of Zot
 75334 | Dis:1    | Entered Level 1 of the Iron City of Dis
 76039 | Dis:7    | Entered Level 7 of the Iron City of Dis
 76338 | Dis:7    | Received a gift from Okawaru
 76751 | Dis:7    | Reached skill level 27 in Shields
 76909 | Dis:7    | Received a gift from Okawaru
 76979 | Dis:7    | Identified the +1 scimitar "Pavurex" {freeze, rC++ Str+4
                  | Dex-2} (Okawaru gifted it to you on level 7 of the Iron
                  | City of Dis)
 77891 | Dis:7    | Identified the Collected Works on Ghastly Lightness
 77972 | Dis:7    | Found the +8 Wrath of Trog {antimagic, *Rage}
 78123 | Dis:7    | Received a gift from Okawaru
 78132 | Dis:7    | Identified the +4 staff of Dispater
 78132 | Dis:7    | Noticed Dispater
 78174 | Dis:7    | Killed Dispater
 78238 | Dis:7    | Got an iron rune of Zot
 78418 | Geh:1    | Entered Level 1 of Gehenna
 78676 | Geh:2    | Killed from afar by a Brimstone Fiend

Illustrated notes

Levels and vault maps discovered:
D:1:      dpeg_arrival_long_road, layout_basic
D:2:      layout_rooms, serial_aquarium, aquarium_bridge_long_joined
          [aquarium_subvault_window, aquarium_subvault_bridge,
          aquarium_subvault_window, aquarium_subvault_window,
          aquarium_subvault_bridge, aquarium_subvault_window],
          aquarium_window_2, aquarium_window_1, aquarium_window_1,
          aquarium_window_fake, aquarium_view_2b, aquarium_view_2f,
          aquarium_balcony_3a, aquarium_pool_five
D:3:      kennysheep_slugbush, layout_basic, chequers_ecumenical_altar_simple,
          uniq_natasha, uniq_sigmund
D:4:      layout_layer_cave, serial_shops, shop, shop_statue,
          nicolae_shop_behind_doors, uniq_robin, uniq_eustachio
D:5:      layout_loops_ring, kennysheep_mini, old_standard_altar,
          kennysheep_little_box, uniq_ijyb
D:6:      layout_loops_ring, nicolae_overflow_hidden_temple,
          chequers_temple_overflow_minitemple, basic_altar, uniq_grinder
D:7:      layout_basic, tso_altar, temple_hall, minmay_between
D:8:      layout_basic, nicolae_ashenzari_panopticon, serial_shops, shop,
          nicolae_straight_to_the_point
D:9:      layout_rooms, kennysheep_okawaru_gauntlet, minmay_tree_intersection
D:10:     layout_irregular_city, dpeg_lair_monsters, enter_bailey_4,
          minmay_guarded_unrand_vampires_tooth, uniq_maggie, uniq_nergalle
D:11:     layout_loops_ring, david_orc_1_choice
D:12:     layout_grid_maze, special_room [special_room_bee],
          david_defended_altar_orc
D:13:     layout_loops_cross
D:14:     layout_loops_ring, grunt_vaults_entry_tiered,
          hangedman_abyss_or_decor_stagger, grunt_decor_one_mirror,
          kennysheep_generic_room_15
D:15:     gammafunk_enter_depths_forms, layout_basic, minivault_11
Temple:   nicolae_temple_hex_pool
Lair:1:   layout_regular_city, kennysheep_abandoned_house, lemuel_fruit_tree,
          lemuel_fruit_fields
Lair:2:   layout_regular_city, serial_bayou_shore_b, grunt_megastairs_2
Lair:3:   layout_long_grid, elwin_shoals_entry_rooms,
          minmay_snake_entry_six_corridors, uniq_urug
Lair:4:   layout_gridlike, kennysheep_rathole
Lair:5:   layout_roguey, minmay_slime_entry_pillars
Lair:6:   gammafunk_lair_ancient_temple, layout_gridlike, minivault_26,
          bobbens_dragon_lair_wall, uniq_josephine
Shoals:1: cheibrodos_shoals_roost, layout_shoals, serial_shops, shop,
          shop_statue, shop, shop, shop
Shoals:2: cheibrodos_shoals_baths, layout_shoals
Shoals:3: layout_shoals, uniq_ilsuiw
Shoals:4: shoals_end_simple, layout_shoals
Snake:1:  layout_cave_shapes, serial_shops, shop, nicolae_snake_horde_hoard,
          uniq_frances
Snake:2:  layout_misc_corridors, minmay_shoptagon, uniq_louise, uniq_nikola
Snake:3:  layout_misc_corridors, basic_altar, drop_trap, st_stairs_1,
          minmay_shop_grove, grunt_megastairs_3, uniq_aizul
Snake:4:  snake_pit_salamanders_mu, layout_onion, serial_shops, shop,
          basic_altar, grunt_megastairs_5, uniq_bai_suzhen
Orc:1:    layout_diamond_mine
Orc:2:    pubby_orc_utopia
Elf:1:    eino_elf_arrival_sip, layout_geoelf_diagonals, basic_altar,
          serial_shops, nicolae_shop_behind_doors, minmay_elf_necromancy,
          nicolae_elf_w_pinch, drop_trap, wad_floor_pattern_1
Elf:2:    layout_gridlike, lemuel_statue_altar
Elf:3:    minmay_elf_hall_x, layout_onion_city, uniq_roxanne
Vaults:1: v_misc_13, v_misc_33, nicolae_vaults_little_squares_6,
          v_alt_pattern_2, ontoclasm_vaults_ring_large, vaults_dpeg_diagonal,
          vaults_standard_mumra_lines, vaults_room_fours,
          hangedman_vaults_snaps, v_pattern_2, nicolae_vaults_shelves_hall,
          hangedman_vaults_corner_blocks, grunt_vaults_hallway_long,
          nicolae_vaults_rhombus_7, layout_vaults_maze
Vaults:2: hangedman_vaults_cutoff, nicolae_vaults_network_star,
          nicolae_vaults_what_the_h, v_pattern_5, grunt_vaults_hallway_long,
          nicolae_vaults_gold_heap, layout_vaults_omnigrid
Vaults:3: nicolae_vaults_network_periphery, v_misc_18, v_misc_30,
          nicolae_vaults_know_your_exits, v_rooms_6,
          minmay_crypt_entry_simple_sparse, nicolae_vaults_shelves_hall,
          vaults_mumra_minichess_inversion, vaults_room_door_ring,
          grunt_vaults_twisty, layout_vaults_omnicross, serial_shops, shop
Vaults:4: nicolae_vaults_windows_and_doors_thing, vaults_dpeg_spiral,
          hangedman_vaults_trim, nicolae_vaults_murderbox,
          vaults_room_semicircle, v_misc_33, v_misc_9,
          hangedman_vaults_stretched_pinwheel, v_alt_pattern_2,
          vaults_room_hallway, v_pattern_3, nicolae_vaults_little_squares_6,
          layout_vaults_ring, uniq_boris
Vaults:5: serial_shops, uniq_mara
Crypt:1:  layout_chaotic_city, due_unseen_surprise, uniq_margery, uniq_mennas
Crypt:2:  layout_regular_city
Crypt:3:  david_glass_crypt, layout_basic, tomb_entry_forgotten_bobbens
Depths:1: minmay_the_grid_octo_tiled_octocenter [minmay_the_grid_octo_teeth,
          minmay_the_grid_octo_pinwheel, minmay_the_grid_octo_empty,
          minmay_the_grid_octo_tetromino_candy,
          minmay_the_grid_octo_prize_big_c, minmay_the_grid_square_5x5_moneybag,
          minmay_the_grid_square_5x5_minibox, minmay_the_grid_square_5x5_meh,
          minmay_the_grid_square_5x5_seven], layout_cave_shapes, hell_entry,
          hangedman_abyss_or_decor_lesser_grid, item_on_display_a,
          uniq_enchantress
Depths:2: minmay_isolated_rectangles_in_corner, layout_gridlike,
          abyss_entry_glasseish, serial_sigils_hangedman_stare, hell_entry,
          wheals_unrand_guarded_autumn_katana, uniq_asterion
Depths:3: minmay_central_circle, layout_basic, enter_ziggurat_f,
          grunt_pan_entry_zigzag, hell_entry, abyss_entry,
          chequers_serial_rivers_micro_b, firewood_loft,
          minmay_staircase_windowed_small
Depths:4: kennysheep_blocky_room, layout_basic, serial_glass, glass_columns_a,
          glass_columns_c, abyss_entry, hell_entry, minmay_misc_feat_pillars,
          uniq_frederick
Depths:5: evilmike_zot_entry_diamond, layout_basic, minmay_fountain_box,
          hangedman_abyss_entry_splay, pf_hell_entry_tar_river
Hell
Dis:1:    layout_chaotic_city, grunt_megastairs_1
Dis:2:    layout_chaotic_city
Dis:3:    layout_jigsaw
Dis:4:    layout_subdivisions
Dis:5:    layout_subdivisions
Dis:6:    layout_subdivisions
Dis:7:    iron_city_of_dis [dis_grunt, dis_wall_7], layout_chaotic_city
Geh:1:    layout_gehenna_pools_triple
Geh:2:    layout_gehenna_pools_triple, hangedman_elemental_corridor
Tar:1:    layout_cathedral_of_symmetry, nicolae_tar_cuneiform_bird,
          hangedman_tartarus_temple_path
Tar:2:    layout_grid_maze, nicolae_tar_cuneiform_not, door_vault
Tar:3:    layout_grid_maze, nicolae_tar_cuneiform_bird
Tar:4:    layout_honeycomb
Tar:5:    layout_grid_maze, nicolae_tar_cuneiform_sun,
          nicolae_tar_cuneiform_bread
Tar:6:    layout_grid_maze, nicolae_tar_cuneiform_to_be
Tar:7:    tar_grunt_cathedral
Zot:1:    layout_cellular_growth
Zot:2:    kennysheep_blocky_hall, layout_gridlike
Zot:3:    layout_basic, hangedman_player_shredder, grunt_megastairs_4
Zot:4:    circus_mu, layout_basic, ebering_ghost_inner_flame
Zot:5:    layout_misc_corridors

Skill      XL: |  1  2  3  4  5  6  7  8  9 10 11 12 13 14 15 16 17 18 19 20 21 22 23 24 25 26 27 |
---------------+----------------------------------------------------------------------------------+-----
Long Blades    | 2 3 4 5 6 8 9 10 11 12 13 14 15 16 17 18 19 20 24 | 24.1
Armour         | 4 5 6 7 8 9 11 12 13 14 15 16 17 18 19 20 21 22 23 27 | 27.0
Shields        | 4 5 6 7 8 9 11 12 13 14 15 16 17 18 19 20 21 22 23 27 | 27.0
Fighting       | 4 5 6 7 8 9 10 11 12 13 14 15 16 17 21 | 21.3
Evocations     | 2 3 4 5 6 7 8 9 10 11 12 13 14 17 | 17.8
Invocations    | 2 4 5 6 8 9 10 11 12 13 14 15 16 20 | 20.5

Action                   |  1- 3 |  4- 6 |  7- 9 | 10-12 | 13-15 | 16-18 | 19-21 | 22-24 | 25-27 || total
-------------------------+-------+-------+-------+-------+-------+-------+-------+-------+-------++-------
Melee: Long sword        |   126 |   197 |   455 |   958 |   255 |       |       |       |       ||  1991
       Scimitar          |       |       |       |       |   973 |  1451 |  1039 |       |       ||  3463
       Katana            |       |       |       |       |       |       |   343 |  1572 |  4570 ||  6485
Invok: Heroism           |       |       |       |    21 |    15 |    33 |    28 |    27 |    78 ||   202
       Finesse           |       |       |       |       |       |     4 |     7 |     3 |    25 ||    39
 Abil: Fly               |       |       |       |       |     1 |     1 |       |     1 |     2 ||     5
       Stop Flying       |       |       |       |       |       |     1 |     1 |     2 |     1 ||     5
Evoke: Wand              |       |       |     1 |     2 |    34 |       |       |     2 |       ||    39
       Condenser vane    |       |       |       |       |       |       |       |       |     3 ||     3
       Lightning rod     |       |       |       |       |       |       |       |       |     2 ||     2
  Use: Scroll            |     2 |     9 |    13 |     4 |    16 |    10 |     5 |    13 |    33 ||   105
       Potion            |       |     2 |     2 |     7 |     3 |     3 |     7 |     2 |     5 ||    31
 Stab: Confused          |       |       |       |       |       |       |       |       |     2 ||     2
Armor: Scale mail        |    95 |   168 |   216 |    98 |       |       |       |       |       ||   577
       Skin              |       |       |    11 |       |       |       |       |       |       ||    11
       Plate armour      |       |       |       |   403 |   461 |   455 |   588 |    78 |       ||  1985
       Gold dragon scale |       |       |       |       |       |       |       |   293 |  1537 ||  1830
Dodge: Dodged            |    55 |   125 |   173 |   396 |   158 |   179 |   225 |   133 |   536 ||  1980
Block: Kite shield       |    90 |   182 |   319 |  1037 |    88 |       |       |       |       ||  1716
       Reflection        |       |       |       |    21 |    24 |   174 |    57 |    86 |   140 ||   502
       Tower shield      |       |       |       |       |  1424 |  1854 |  1642 |  1494 |  5144 || 11558
       Rpst.: Long sword |    14 |    41 |    54 |    98 |     9 |       |       |       |       ||   216
       Scimitar          |       |       |       |       |    34 |    39 |    31 |       |       ||   104
       Katana            |       |       |       |       |       |       |     3 |    21 |    86 ||   110

Table legend: (Time is in decaauts)
 A = Elapsed time spent in this place.
 B = Non-inter-level travel time spent in this place.
 C = Inter-level travel time spent in this place.
 D = Time resting spent in this place.
 E = Time spent auto-exploring this place.
 F = Levels seen in this place.
 G = Mean time per level.
                   A        B        C        D        E       F      G
               +--------+--------+--------+--------+--------+-----+--------+
         Total |  72581 |  66131 |   6450 |   4575 |  40733 |  71 | 1022.3 |
       Dungeon |  18702 |  16046 |   2656 |    157 |  11478 |  15 | 1246.8 |
        Temple |     82 |     77 |      5 |      0 |     76 |   1 |   82.0 |
          Lair |   6782 |   6011 |    771 |      0 |   4535 |   6 | 1130.3 |
        Shoals |   4836 |   4619 |    217 |    351 |   3320 |   4 | 1209.0 |
     Snake Pit |   5219 |   4895 |    324 |    299 |   3364 |   4 | 1304.8 |
  Orcish Mines |   2919 |   2639 |    280 |    250 |   1603 |   2 | 1459.5 |
   Elven Halls |   3519 |   3381 |    138 |    543 |   1869 |   3 | 1173.0 |
        Vaults |   6613 |   6179 |    434 |     38 |   4072 |   5 | 1322.6 |
         Crypt |   2669 |   2581 |     88 |    138 |   1669 |   3 |  889.7 |
        Depths |   9258 |   8177 |   1081 |   1613 |   3989 |   5 | 1851.6 |
          Hell |   1318 |   1246 |     72 |    659 |    358 |   1 | 1318.0 |
           Dis |   2227 |   2112 |    115 |      0 |    581 |   7 |  318.1 |
       Gehenna |    198 |    198 |      0 |      0 |     22 |   2 |   99.0 |
      Tartarus |   2476 |   2476 |      0 |    280 |     92 |   7 |  353.7 |
           Zot |   5273 |   5008 |    265 |      0 |   3684 |   5 | 1054.6 |
        Bailey |    480 |    480 |      0 |    246 |     17 |   1 |  480.0 |
               +--------+--------+--------+--------+--------+-----+--------+

Top non-repeatable levels by time:
Depths:1: 2450 daAuts
   Orc:2: 2353 daAuts
Depths:3: 2108 daAuts
 Snake:4: 1988 daAuts
    D:15: 1928 daAuts
Depths:2: 1798 daAuts
    D:12: 1795 daAuts
   Zot:3: 1716 daAuts
   Elf:3: 1674 daAuts
    D:11: 1623 daAuts
Vaults:2: 1563 daAuts
 Snake:1: 1554 daAuts
Depths:4: 1519 daAuts
Shoals:4: 1475 daAuts
     D:4: 1431 daAuts
